 Dungeon Crawl Stone Soup version 0.29.0-4-gdea44cf6ec (webtiles) character file.

Game seed: 1145090852311629846

3945 qw the Grappler (level 10, -3/89 (96) HPs)
             Began as a Troll Cinder Acolyte on Sept 1, 2022.
             Was a Follower of Ignis.
             Slain by a wight
             ... wielding a +0 halberd
              (6 damage)
             ... on level 7 of the Dungeon.
             The game lasted 00:03:56 (6165 turns).

qw the Grappler (Troll Cinder Acolyte)              Turns: 6165, Time: 00:03:57

HP:   -3/89 (96)    AC: 11    Str: 28    XL:     10   Next: 2%
MP:   0/10          EV: 10    Int: 10    God:    Ignis [*.....]
Gold: 463           SH:  0    Dex: 11    Spells: 11/11 levels left

rFire   + . .      SeeInvis .     - Unarmed
rCold   . . .      Faith    .   (no shield)
rNeg    . . .      Spirit   +   a - +0 robe
rPois   .          Reflect  .   (helmet restricted)
rElec   .          Harm     .   (no cloak)
rCorr   .          Rampage  .   (gloves unavailable)
Will    .....                   (boots unavailable)
Stlth   +.........              h - amulet of guardian spirit
HPRegen 1.04/turn               d - +4 ring of slaying {mikee}
MPRegen 0.12/turn               o - +6 ring of dexterity

@: about to teleport, fiery-armoured, drained
A: large, unfitting armour, claws 3, regeneration 1, shaggy fur 1, tough skin 1
a: Renounce Religion, Fiery Armour, Foxfire Swarm, Rising Flame


You were on level 7 of the Dungeon.
You worshipped Ignis.
Ignis was aware of your devotion.
You visited 1 branch of the dungeon, and saw 7 of its levels.

You collected 463 gold pieces.


Innate Abilities, Weirdness & Mutations

You are too large for most types of armour.
You have claws for hands.
Your natural rate of healing is unusually fast.
You are covered in fur. (AC +1)
You have tough skin. (AC +1)


   Skills:
 - Level 5.1 Fighting
 - Level 1.1 Throwing
 + Level 2.7 Dodging
 - Level 13.0 Unarmed Combat
 - Level 1.0 Spellcasting
 - Level 2.1 Fire Magic


You had 11 spell levels left.
You didn't know any spells.
Your spell library contained the following spells:

 Spells                   Type           Power      Damage    Failure   Level
 Scorch                   Fire           8%         2d5       22%         2

Inventory:

Missiles
 b - a boomerang (quivered)
Armour
 a - a +0 robe (worn)
Jewellery
 d - a +4 ring of slaying (left claw) {mikee}
 h - an amulet of guardian spirit (around neck)
 o - a +6 ring of dexterity (right claw)
 p - a ring of ice
 s - an amulet of regeneration
 t - a ring of fire
Scrolls
 c - a scroll of teleportation
 g - a scroll of identify
 n - 2 scrolls of enchant weapon
Potions
 e - a potion of invisibility {unknown}
 f - a potion of brilliance {unknown}
 i - 3 potions of heal wounds
 j - 3 potions of curing
 k - 4 potions of resistance
 m - a potion of might
 q - a potion of attraction {unknown}
 r - a potion of degeneration {unknown}

Dungeon Overview and Level Annotations

Branches:
Dungeon (7/15)             Temple (0/1) D:4

Altars:
Gozag
Hepliaklqana
Kikubaaqudgha
Sif Muna
Trog
Xom
Zin

Annotations:
D:4 Eustachio


Message History

The scorpion is severely wounded.
You feel sick.
The wight hits you from afar with a +0 halberd.
You feel drained.
The scorpion stings you but does no damage.
You mangle the scorpion!!
You kill the scorpion!
You feel sick. The wight barely misses you.
You claw the sky beast!
The sky beast is almost dead.
The wight hits you from afar with a +0 halberd.
The sky beast barely misses you.
You completely miss the sky beast.
The sky beast is almost dead.
You feel sick.
You barely miss the sky beast.
The sky beast is almost dead.
You feel sick. The wight hits you but does no damage. The sky beast hits you.
The sky beast shocks you.
The sky beast is burned by your cloak of flames.
The sky beast is almost dead.
6163 ||| READING 2 scrolls of teleportation.
As you read the scroll of teleportation, it crumbles to dust.
You feel strangely unstable.
You feel sick.
The wight hits you from afar with a +0 halberd!
The sky beast hits you but does no damage.
The sky beast is burned by your cloak of flames.
You kill the sky beast!
You have reached level 10!
6164 ||| DRINKING 4 potions of heal wounds.
You feel much better.
You feel sick. The wight hits you but does no damage.
You closely miss the wight.
You feel sick.
You are no longer poisoned.
The wight hits you with a +4 morningstar!
The wight hits you from afar with a +0 halberd!
You feel drained.
You die...

..#....#### ..# #.# .####.#####
#.#### #.# .####.##### #.# #.#
.####.##### ##.# ## .####.######
#... ##. ...........# #..# ## ..#
#####.####.# #..# ... .##
#####.####.####.?# #.## .#.
#####.####......@####.?.##.. ..#.
#####.##########z#z........#+#.#.
#####..#### #zz..#...#.##$###c
##.# #.%.).~....#...'Y# #.#
##...##.##.##s###' #.# ##.##
#..#####5 #.###########.#
#.###....#FY #.............#
#.?......#co ###############
#######..##o


You could see 3 wights.

Vanquished Creatures
  Pikel (D:5)
  Sigmund (D:5)
  Edmund (D:6)
  Duvessa (D:6)
  A black bear (D:5)
  3 ice beasts
  3 sky beasts (D:7)
  3 ogres
  2 centaurs
  2 lemures (D:5)
  4 phantoms
  3 scorpions
  2 bullfrogs
  2 necrophages
  Dowan (D:6)
  4 wights
  3 howler monkeys
  A hound (D:4)
  A jelly (D:4)
  4 orc priests
  2 gnoll boudas (D:4)
  Jessica (D:2)
  9 orc wizards
  4 iguanas
  Terence (D:2)
  16 gnolls
  11 adders
  2 white imps (D:6)
  3 ufetubi
  2 worms (D:2)
  A dart slug (D:2)
  24 orcs
  5 bats
  5 endoplasms
  7 giant cockroaches
  10 goblins
  16 hobgoblins
  4 jackals (D:1)
  5 quokkas
  4 ball pythons
  A frilled lizard (D:1)
  11 kobolds
  5 rats
192 creatures vanquished.

Notes
Turn   | Place    | Note
-------+----------+-------------------------------------------
     0 | D:1      | qw the Troll Cinder Acolyte began the quest for the Orb.
     0 | D:1      | Reached XP level 1. HP: 22/22 MP: 1/1
     0 | D:1      | 0 ||| qw: Version: 0.1-a-97-g2dd2ca4
     0 | D:1      | 0 ||| qw: Game counter: 4823
     0 | D:1      | 0 ||| qw: Always use a shield: true
     0 | D:1      | 0 ||| qw: God list: Okawaru
     0 | D:1      | 0 ||| qw: Allow faded altars: false
     0 | D:1      | 0 ||| qw: Do Orc after D:15 true
     0 | D:1      | 0 ||| qw: Do second Lair branch before Depths: true
     0 | D:1      | 0 ||| qw: Lair rune preference: random
     0 | D:1      | 0 ||| qw: Plans: Normal
     0 | D:1      | 0 ||| PLANNING D:1-11
   344 | D:1      | 344 ||| INVOKING Fiery Armour.
   350 | D:1      | Reached XP level 2. HP: 29/29 MP: 2/2
   351 | D:1      | 351 ||| Stepping ~*~*~tactically~*~*~ (outnumbered).
   355 | D:1      | 355 ||| Stepping ~*~*~tactically~*~*~ (outnumbered).
   357 | D:1      | 357 ||| Stepping ~*~*~tactically~*~*~ (outnumbered).
   375 | D:1      | 375 ||| Stepping ~*~*~tactically~*~*~ (stealth).
   377 | D:1      | 377 ||| Stepping ~*~*~tactically~*~*~ (stealth).
   383 | D:1      | Reached skill level 4 in Unarmed Combat
   504 | D:1      | 504 ||| Stepping ~*~*~tactically~*~*~ (stealth).
   519 | D:1      | Reached XP level 3. HP: 36/36 MP: 3/3
   571 | D:1      | 571 ||| Stepping ~*~*~tactically~*~*~ (stealth).
   822 | D:1      | 822 ||| READING 2 scrolls labelled YCHADIBBIFF.
   825 | D:1      | 825 ||| READING scroll labelled YMETA ETHAR.
   826 | D:1      | 826 ||| READING scroll labelled TATOOGI PYES.
   827 | D:1      | 827 ||| READING 2 scrolls labelled IPAIN KEMIE.
   828 | D:1      | 828 ||| READING scroll labelled AXZE ILIFET.
   829 | D:1      | 829 ||| READING scroll labelled VAUH EXKIM ERPHIPO.
   957 | D:2      | 957 ||| INVOKING Fiery Armour.
  1006 | D:2      | Found a shimmering blue altar of Sif Muna.
  1035 | D:2      | Noticed Terence
  1044 | D:2      | Killed Terence
  1045 | D:2      | Reached skill level 5 in Unarmed Combat
  1045 | D:2      | Reached XP level 4. HP: 39/44 MP: 4/4
  1054 | D:2      | Noticed Jessica
  1056 | D:2      | 1056 ||| Stepping ~*~*~tactically~*~*~ (hiding).
  1058 | D:2      | 1058 ||| Stepping ~*~*~tactically~*~*~ (hiding).
  1065 | D:2      | Killed Jessica
  1101 | D:2      | 1101 ||| Stepping ~*~*~tactically~*~*~ (stealth).
  1102 | D:2      | 1102 ||| Stepping ~*~*~tactically~*~*~ (stealth).
  1103 | D:2      | 1103 ||| Stepping ~*~*~tactically~*~*~ (stealth).
  1162 | D:2      | 1162 ||| Stepping ~*~*~tactically~*~*~ (stealth).
  1163 | D:2      | 1163 ||| Stepping ~*~*~tactically~*~*~ (stealth).
  1201 | D:2      | 1201 ||| Stepping ~*~*~tactically~*~*~ (hiding).
  1239 | D:2      | Reached XP level 5. HP: 50/50 MP: 5/5
  1272 | D:2      | 1272 ||| Stepping ~*~*~tactically~*~*~ (stealth).
  1277 | D:2      | 1277 ||| Stepping ~*~*~tactically~*~*~ (stealth).
  1283 | D:2      | 1283 ||| INVOKING Fiery Armour.
  1322 | D:2      | Reached skill level 1 in Throwing
  1357 | D:2      | 1357 ||| Stepping ~*~*~tactically~*~*~ (stealth).
  1358 | D:2      | 1358 ||| Stepping ~*~*~tactically~*~*~ (stealth).
  1390 | D:2      | Reached skill level 6 in Unarmed Combat
  1564 | D:2      | 1564 ||| UPGRADING to ring of positive energy.
  1565 | D:2      | 1565 ||| READING scroll labelled JIUZXYROAN.
  1566 | D:2      | 1566 ||| READING scroll labelled BABRETR YDIT.
  1567 | D:2      | 1567 ||| DRINKING 2 silvery potions.
  1568 | D:2      | 1568 ||| DRINKING 2 brown potions.
  1569 | D:2      | 1569 ||| DROPPING potion of flight.
  1601 | D:3      | 1601 ||| Stepping ~*~*~tactically~*~*~ (stealth).
  1602 | D:3      | 1602 ||| Stepping ~*~*~tactically~*~*~ (outnumbered).
  1603 | D:3      | 1603 ||| Stepping ~*~*~tactically~*~*~ (outnumbered).
  1604 | D:3      | 1604 ||| Stepping ~*~*~tactically~*~*~ (outnumbered).
  1625 | D:3      | Found a faded altar of an unknown god.
  1938 | D:3      | Reached XP level 6. HP: 59/59 MP: 6/6
  2184 | D:3      | Found a bloodstained altar of Trog.
  2191 | D:3      | 2191 ||| INVOKING Fiery Armour.
  2295 | D:3      | Found a hazy altar of Hepliaklqana.
  2295 | D:3      | Found a faded altar of an unknown god.
  2307 | D:3      | Found an opulent altar of Gozag.
  2309 | D:3      | Found a faded altar of an unknown god.
  2311 | D:3      | Found a glowing silver altar of Zin.
  2545 | D:3      | 2545 ||| Stepping ~*~*~tactically~*~*~ (stealth).
  2548 | D:3      | Reached skill level 7 in Unarmed Combat
  2548 | D:3      | 2548 ||| FLEEEEING.
  2550 | D:3      | 2550 ||| FLEEEEING.
  2551 | D:3      | 2551 ||| FLEEEEING.
  2552 | D:3      | 2552 ||| FLEEEEING.
  2553 | D:3      | 2553 ||| STAIRDANCE
  2558 | D:2      | 2558 ||| UPGRADING to amulet of guardian spirit.
  2563 | D:2      | 2563 ||| READING 3 scrolls labelled JUX KUT RYROG.
  2564 | D:2      | 2564 ||| READING scroll labelled RYEGAIT HIRAERR.
  2565 | D:2      | 2565 ||| READING scroll labelled FOTSYU LOFUD.
  2568 | D:3      | 2568 ||| STAIRDANCE
  2631 | D:4      | 2631 ||| INVOKING Fiery Armour.
  2635 | D:4      | 2635 ||| Stepping ~*~*~tactically~*~*~ (outnumbered).
  2636 | D:4      | 2636 ||| STAIRDANCE
  2638 | D:3      | 2638 ||| Stepping ~*~*~tactically~*~*~ (outnumbered).
  2639 | D:3      | 2639 ||| Stepping ~*~*~tactically~*~*~ (outnumbered).
  2640 | D:3      | 2640 ||| Stepping ~*~*~tactically~*~*~ (outnumbered).
  2715 | D:4      | Reached XP level 7. HP: 66/66 MP: 7/7
  2826 | D:4      | Found a staircase to the Ecumenical Temple.
  2904 | D:4      | Reached skill level 8 in Unarmed Combat
  2910 | D:4      | 2910 ||| INVOKING Fiery Armour.
  3025 | D:4      | Reached skill level 3 in Fighting
  3516 | D:4      | 3516 ||| UPGRADING to +6 ring of dexterity.
  3517 | D:4      | 3517 ||| DROPPING ring of wizardry.
  3518 | D:4      | 3518 ||| READING scroll labelled OVURPHA JACE.
  3519 | D:4      | 3519 ||| DRINKING 3 red potions.
  3520 | D:4      | 3520 ||| DRINKING 2 smoky orange potions.
  3539 | D:5      | Entered Level 5 of the Dungeon
  3539 | D:5      | Noticed Eustachio
  3546 | D:5      | 3546 ||| STAIRDANCE
  3570 | D:5      | 3570 ||| STAIRDANCE
  3606 | D:5      | 3606 ||| Stepping ~*~*~tactically~*~*~ (stealth).
  3608 | D:5      | 3608 ||| Stepping ~*~*~tactically~*~*~ (stealth).
  3611 | D:5      | 3611 ||| Stepping ~*~*~tactically~*~*~ (stealth).
  3628 | D:5      | 3628 ||| Stepping ~*~*~tactically~*~*~ (stealth).
  3629 | D:5      | 3629 ||| Stepping ~*~*~tactically~*~*~ (stealth).
  3631 | D:5      | 3631 ||| Stepping ~*~*~tactically~*~*~ (stealth).
  3634 | D:5      | 3634 ||| Stepping ~*~*~tactically~*~*~ (outnumbered).
  3641 | D:5      | 3641 ||| INVOKING Fiery Armour.
  3735 | D:5      | Reached skill level 9 in Unarmed Combat
  3735 | D:5      | Reached XP level 8. HP: 74/75 MP: 8/8
  3738 | D:5      | Noticed Sigmund
  3743 | D:5      | 3743 ||| DRINKING 3 potions of curing.
  3743 | D:5      | 3743 ||| (to cure confusion)
  3748 | D:5      | Killed Sigmund
  3843 | D:5      | 3843 ||| Stepping ~*~*~tactically~*~*~ (stealth).
  3845 | D:5      | 3845 ||| Stepping ~*~*~tactically~*~*~ (hiding).
  3854 | D:5      | 3854 ||| INVOKING Fiery Armour.
  3855 | D:5      | 3855 ||| Stepping ~*~*~tactically~*~*~ (outnumbered).
  3865 | D:5      | Noticed Pikel
  3867 | D:5      | Reached skill level 10 in Unarmed Combat
  3867 | D:5      | 3867 ||| Stepping ~*~*~tactically~*~*~ (outnumbered).
  3881 | D:5      | Killed Pikel
  3892 | D:5      | 3892 ||| Stepping ~*~*~tactically~*~*~ (stealth).
  4160 | D:5      | 4160 ||| READING scroll labelled UBASAY RYSINU.
  4182 | D:6      | Reached XP level 9. HP: 63/88 MP: 4/9
  4376 | D:6      | 4376 ||| Stepping ~*~*~tactically~*~*~ (stealth).
  4422 | D:6      | 4422 ||| Stepping ~*~*~tactically~*~*~ (hiding).
  4431 | D:6      | Reached skill level 11 in Unarmed Combat
  4436 | D:6      | 4436 ||| Stepping ~*~*~tactically~*~*~ (outnumbered).
  4437 | D:6      | 4437 ||| Stepping ~*~*~tactically~*~*~ (outnumbered).
  4438 | D:6      | 4438 ||| Stepping ~*~*~tactically~*~*~ (outnumbered).
  4445 | D:6      | Noticed Edmund
  4458 | D:6      | Killed Edmund
  4483 | D:6      | Noticed Duvessa
  4483 | D:6      | Noticed Dowan
  4484 | D:6      | 4484 ||| Stepping ~*~*~tactically~*~*~ (hiding).
  4489 | D:6      | 4489 ||| INVOKING Fiery Armour.
  4491 | D:6      | Killed Duvessa
  4497 | D:6      | 4497 ||| Stepping ~*~*~tactically~*~*~ (hiding).
  4501 | D:6      | Killed Dowan
  4905 | D:6      | 4905 ||| Stepping ~*~*~tactically~*~*~ (stealth).
  4910 | D:6      | 4910 ||| Stepping ~*~*~tactically~*~*~ (stealth).
  5042 | D:6      | Reached skill level 12 in Unarmed Combat
  5294 | D:6      | Found a shimmering altar of Xom.
  5619 | D:6      | 5619 ||| UPGRADING to +4 ring of slaying {mikee}.
  5621 | D:6      | 5621 ||| DROPPING ring of positive energy.
  5622 | D:6      | 5622 ||| READING scroll labelled ZEVVED JEMYIXI.
  5623 | D:6      | 5623 ||| DRINKING 2 metallic brown potions.
  5667 | D:6      | 5667 ||| READING 2 scrolls of identify.
  5667 | D:6      | 5667 ||| IDENTIFYING glowing clear potion
  5668 | D:6      | 5668 ||| DROPPING potion of ambrosia.
  5669 | D:6      | 5669 ||| DROPPING potion of lignification.
  5721 | D:7      | 5721 ||| Stepping ~*~*~tactically~*~*~ (hiding).
  5729 | D:7      | 5729 ||| INVOKING Fiery Armour.
  5730 | D:7      | 5730 ||| Stepping ~*~*~tactically~*~*~ (outnumbered).
  5782 | D:7      | 5782 ||| Stepping ~*~*~tactically~*~*~ (stealth).
  5785 | D:7      | 5785 ||| Stepping ~*~*~tactically~*~*~ (stealth).
  5871 | D:7      | 5871 ||| READING 3 scrolls of teleportation.
  5873 | D:7      | 5873 ||| FLEEEEING.
  5875 | D:7      | Found an ancient bone altar of Kikubaaqudgha.
  5888 | D:7      | Found a shimmering blue altar of Sif Muna.
  5920 | D:7      | 5920 ||| Stepping ~*~*~tactically~*~*~ (hiding).
  6068 | D:7      | 6068 ||| Stepping ~*~*~tactically~*~*~ (stealth).
  6079 | D:7      | 6079 ||| Stepping ~*~*~tactically~*~*~ (stealth).
  6139 | D:7      | 6139 ||| Stepping ~*~*~tactically~*~*~ (stealth).
  6143 | D:7      | 6143 ||| INVOKING Fiery Armour.
  6146 | D:7      | 6146 ||| Stepping ~*~*~tactically~*~*~ (outnumbered).
  6148 | D:7      | 6148 ||| Stepping ~*~*~tactically~*~*~ (outnumbered).
  6150 | D:7      | 6150 ||| Stepping ~*~*~tactically~*~*~ (outnumbered).
  6152 | D:7      | Reached skill level 13 in Unarmed Combat
  6154 | D:7      | 6154 ||| Stepping ~*~*~tactically~*~*~ (outnumbered).
  6155 | D:7      | 6155 ||| Stepping ~*~*~tactically~*~*~ (outnumbered).
  6162 | D:7      | HP: 20/82 [sky beast (1)]
  6163 | D:7      | 6163 ||| READING 2 scrolls of teleportation.
  6163 | D:7      | HP: 6/82 [wight/+0 halberd (9)]
  6164 | D:7      | Reached XP level 10. HP: 6/92 MP: 1/10
  6164 | D:7      | 6164 ||| DRINKING 4 potions of heal wounds.
  6165 | D:7      | Slain by a wight

Levels and vault maps discovered:
D:1:      minmay_arrival_widening_spiral_narrow, layout_rooms,
          nicolae_figureground_pulse
D:2:      layout_rooms, basic_altar, minmay_misc_feat_cross,
          kennysheep_jessica_study, uniq_terence
D:3:      layout_basic, trog_hazing_becter, chequers_temple_overflow_minitemple,
          ebering_ecumenical_altar_abandoned, minmay_misc_feat_roman,
          dk_vineyard_1, kennysheep_another_room, kennysheep_generic_room_7
D:4:      layout_basic, minmay_temple_entry_statues_pillars
D:5:      layout_rooms, uniq_pikel, uniq_eustachio, uniq_sigmund
D:6:      layout_layer_cave, brannock_xom_greatest_gift, minmay_liquid_box,
          uniq_duvessa, uniq_edmund
D:7:      layout_loops_ring, palyth_temple_overflow_mages,
          reono_crystal_passage, minivault_22, grunt_ministairs_1,
          minmay_joined_circles, uniq_crazy_yiuf_cottage

Skill      XL: |  1  2  3  4  5  6  7  8  9 |
---------------+----------------------------+-----
Unarmed Combat | 4 5 6 7 9 10 13 | 13.0
Throwing       | 1 |  1.1
Fighting       | 3 5 |  5.1
Dodging        | 2 |  2.7
Spellcasting   | |  1.0
Fire Magic     | |  2.1

Action                   |  1- 3 |  4- 6 |  7- 9 | 10-12 || total
-------------------------+-------+-------+-------+-------++-------
Melee: Unarmed           |    74 |   172 |   230 |     1 ||   477
       Punch             |       |     3 |     9 |       ||    12
Throw: Javelin           |     3 |     9 |       |       ||    12
       Boomerang         |       |     3 |    14 |       ||    17
Invok: Fiery Armour      |     2 |     3 |     6 |       ||    11
  Use: Scroll            |     6 |     5 |     6 |       ||    17
       Potion            |       |     2 |     4 |     1 ||     7
Armor: Robe              |    42 |    47 |    61 |     1 ||   151
Dodge: Dodged            |    45 |    64 |    72 |       ||   181

Table legend:
 A = Non-vault XP
 B = Vault XP
 C = Vault XP percentage of total XP
 D = Non-vault monster count
 E = Vault monster count
 F = Vault count percentage of total count
                 A         B        C        D         E       F
            +---------+---------+-------+---------+---------+-------
      Total |    3682 |    1955 |  34.7 |     163 |      27 |  14.2
            +---------+---------+-------+---------+---------+-------
        D:1 |      48 |       0 |   0.0 |      27 |       0 |   0.0
        D:2 |     170 |      71 |  29.5 |      27 |       3 |  10.0
        D:3 |     351 |      15 |   4.1 |      33 |       9 |  21.4
        D:4 |     381 |       0 |   0.0 |      22 |       0 |   0.0
        D:5 |     922 |     821 |  47.1 |      21 |       2 |   8.7
        D:6 |    1124 |     404 |  26.4 |      20 |       3 |  13.0
        D:7 |     686 |     644 |  48.4 |      13 |      10 |  43.5
            +---------+---------+-------+---------+---------+-------
